 Dungeon Crawl Stone Soup version 0.29.0-4-gdea44cf6ec (webtiles) character file.

Game seed: 2523157760382581979

140 qw the Chopper (level 5, -11/30 HPs)
             Began as a Tengu Warper on Aug 28, 2022.
             Mangled by an orc warrior
             ... wielding a +0 long sword
              (16 damage)
             ... on level 4 of the Dungeon.
             The game lasted 00:00:19 (3131 turns).

qw the Chopper (Tengu Warper)                       Turns: 3131, Time: 00:00:20

Health: -11/30     AC: 12    Str: 12 (13) XL:     5   Next: 22%
Magic:  9/9        EV:  4    Int: 11 (13) God:
Gold:   229        SH:  5    Dex: 11 (14) Spells: 8/8 levels left

rFire   . . .      SeeInvis .   Y - +0 hand axe
rCold   . . .      Faith    .   (no shield)
rNeg    . . .      Spirit   .   g - +0 plate armour
rPois   .          Reflect  +   (helmet restricted)
rElec   .          Harm     .   j - scarf {repulsion}
rCorr   .          Rampage  .   l - +0 pair of gloves
Will    .....                   (boots unavailable)
Stlth   ..........              a - amulet of reflection
HPRegen 0.10/turn               (no ring)
MPRegen 0.11/turn               (no ring)

@: flying quickly and evasively, repel missiles, quick
A: beak, talons 3, nimble flight
a: no special abilities


You were on level 4 of the Dungeon.
You visited 1 branch of the dungeon, and saw 4 of its levels.

You collected 229 gold pieces.


Innate Abilities, Weirdness & Mutations

You have a beak for a mouth.
You have claws for feet.
Your magical nature lets you fly swiftly and evasively.


   Skills:
 - Level 2.0 Fighting
 + Level 5.4 Axes
 - Level 1.0 Throwing
 - Level 2.1 Armour
 - Level 2.1 Dodging
 - Level 2.0 Spellcasting
 - Level 2.4 Translocations


You had 8 spell levels left.
You didn't know any spells.
Your spell library contained the following spells:

 Spells                   Type           Power      Damage    Failure   Level
 Blink                    Tloc           12%        N/A       100%        2
 Gell's Gravitas          Tloc           6%         N/A       100%        3
 Lesser Beckoning         Tloc           6%         N/A       100%        3
 Teleport Other           Tloc           6%         N/A       100%        3
 Manifold Assault         Tloc           6%         N/A       100%        5

Inventory:

Hand Weapons
 b - a +0 flail
 Y - a +0 hand axe (weapon)
Missiles
 h - 2 boomerangs (quivered)
Armour
 g - a +0 plate armour (worn)
 j - a scarf of repulsion (worn)
 l - a +0 pair of gloves (worn)
Jewellery
 a - an amulet of reflection (around neck)
 m - a ring of ice
Potions
 c - a potion of ambrosia {unknown}
 d - a potion of curing {unknown}
 e - a potion of heal wounds {unknown}
 f - a potion of invisibility {unknown}
 i - a potion of mutation {unknown}

Dungeon Overview and Level Annotations

Branches:
Dungeon (4/15)
 Temple: D:4-7

Altars:
Kikubaaqudgha
Qazlal
The Shining One


Message History

You hit the orc warrior.
You peck the orc warrior, but do no damage.
The orc warrior is lightly wounded.
You barely miss the orc. The orc warrior barely misses you.
The orc hits you but does no damage.
You closely miss the orc warrior.
You claw the orc warrior, but do no damage.
Your peck misses the orc warrior.
The orc warrior is lightly wounded.
You barely miss the orc.
The orc warrior hits you with a +0 long sword.
You block the orc's attack.
You barely miss the orc warrior.
The orc warrior is lightly wounded.
You closely miss the orc. The orc hits you but does no damage.
The orc warrior hits you with a +0 long sword!
You hit the orc warrior but do no damage.
You peck the orc warrior.
The orc warrior is lightly wounded.
You barely miss the orc.
The orc warrior hits you but does no damage.
You block the orc's attack.
You hit the orc warrior but do no damage.
You claw the orc warrior, but do no damage.
Your peck misses the orc warrior.
The orc warrior is lightly wounded.
You hit the orc.
The orc warrior hits you with a +0 long sword!
The orc hits you but does no damage.
You closely miss the orc. You peck the orc.
The orc is severely wounded.
You hit the orc warrior but do no damage.
You block the orc warrior's attack. The orc hits you but does no damage.
You hit the orc.
You kill the orc!
You hit the orc warrior but do no damage.
The orc warrior hits you with a +0 long sword!
Ouch! That really hurt!
You die...

#..............
#..............
#..............
#..............
#..............
#.....>........
#.....o)......
#....@# #######


You could see an orc warrior.

Vanquished Creatures
  2 orc wizards (D:3)
  An adder (D:2)
  3 worms
  9 orcs
  7 bats
  8 endoplasms
  A giant cockroach (D:1)
  6 goblins
  4 hobgoblins (D:1)
  3 jackals (D:2)
  3 kobolds
  A quokka (D:2)
  6 ball pythons
  6 frilled lizards
  2 rats (D:1)
62 creatures vanquished.

Notes
Turn   | Place    | Note
-------+----------+-------------------------------------------
     0 | D:1      | qw the Tengu Warper began the quest for the Orb.
     0 | D:1      | Reached XP level 1. HP: 12/12 MP: 4/4
     0 | D:1      | 0 ||| qw: Version: 0.1-a-89-g26bdef1
     0 | D:1      | 0 ||| qw: Game counter: 2723
     0 | D:1      | 0 ||| qw: Always use a shield: true
     0 | D:1      | 0 ||| qw: God list: Okawaru
     0 | D:1      | 0 ||| qw: Allow faded altars: false
     0 | D:1      | 0 ||| qw: Do Orc after D:15 true
     0 | D:1      | 0 ||| qw: Do second Lair branch before Depths: true
     0 | D:1      | 0 ||| qw: Lair rune preference: random
     0 | D:1      | 0 ||| qw: Plans: Normal
     0 | D:1      | 0 ||| PLANNING D:1-11
   176 | D:1      | Reached skill level 3 in Axes
   176 | D:1      | Reached XP level 2. HP: 17/17 MP: 6/6
   332 | D:1      | 332 ||| Stepping ~*~*~tactically~*~*~ (stealth).
   597 | D:1      | Reached XP level 3. HP: 19/21 MP: 7/7
   849 | D:1      | 849 ||| UPGRADING to +0 scale mail.
   859 | D:1      | 859 ||| DROPPING +0 leather armour.
   860 | D:1      | 860 ||| UPGRADING to +0 chain mail.
   870 | D:1      | 870 ||| DROPPING +0 scale mail.
   871 | D:1      | 871 ||| DROPPING +1 ring mail of cold resistance.
   872 | D:1      | 872 ||| UPGRADING to +0 pair of gloves.
   877 | D:1      | 877 ||| READING scroll labelled KIASAE WEKU.
   878 | D:1      | 878 ||| READING 2 scrolls labelled VAENOPP COSH.
   879 | D:1      | 879 ||| READING scroll labelled EPIMAR TOEWIX.
   880 | D:1      | 880 ||| READING scroll labelled GUL BOMMEYQEGO.
   883 | D:1      | 883 ||| DROPPING scroll of blinking.
   884 | D:1      | 884 ||| DROPPING scroll of poison.
   939 | D:2      | 939 ||| Stepping ~*~*~tactically~*~*~ (stealth).
   964 | D:2      | 964 ||| DROPPING +0 mace.
  1034 | D:2      | Reached skill level 4 in Axes
  1394 | D:2      | Identified the +6 trident of Xempu {vorpal, rN+ Str+2 Int-5
                  | Dex+7}
  1623 | D:2      | 1623 ||| Stepping ~*~*~tactically~*~*~ (stealth).
  1699 | D:2      | Reached XP level 4. HP: 26/26 MP: 8/8
  1956 | D:2      | 1956 ||| UPGRADING to amulet of reflection.
  1961 | D:2      | 1961 ||| DROPPING ring of flight.
  1962 | D:2      | 1962 ||| READING scroll labelled KUTAFA RASHYA.
  2055 | D:3      | Reached skill level 5 in Axes
  2204 | D:3      | 2204 ||| FLEEEEING.
  2248 | D:3      | Found an ancient bone altar of Kikubaaqudgha.
  2256 | D:3      | 2256 ||| Stepping ~*~*~tactically~*~*~ (stealth).
  2263 | D:3      | Gained mutation: Your magical nature lets you fly swiftly
                  | and evasively. [Tengu growth]
  2263 | D:3      | Reached XP level 5. HP: 30/30 MP: 9/9
  2347 | D:3      | 2347 ||| FLEEEEING.
  2348 | D:3      | 2348 ||| FLEEEEING.
  2349 | D:3      | 2349 ||| FLEEEEING.
  2350 | D:3      | 2350 ||| FLEEEEING.
  2351 | D:3      | 2351 ||| STAIRDANCE
  2394 | D:2      | 2394 ||| UPGRADING to +0 plate armour.
  2404 | D:2      | 2404 ||| DROPPING +0 chain mail.
  2407 | D:3      | 2407 ||| STAIRDANCE
  2415 | D:3      | 2415 ||| STAIRDANCE
  2504 | D:3      | 2504 ||| STAIRDANCE
  2640 | D:3      | Found a stormy altar of Qazlal.
  3047 | D:3      | Found a glowing golden altar of the Shining One.
  3070 | D:3      | 3070 ||| UPGRADING to scarf of repulsion.
  3075 | D:3      | 3075 ||| DRINKING 3 bubbling amethyst potions.
  3076 | D:3      | 3076 ||| DRINKING 3 amethyst potions.
  3077 | D:3      | 3077 ||| DROPPING 2 potions of degeneration.
  3078 | D:3      | 3078 ||| DROPPING 2 potions of magic.
  3107 | D:4      | Noticed an orc warrior
  3108 | D:4      | 3108 ||| STAIRDANCE
  3111 | D:4      | 3111 ||| STAIRDANCE
  3118 | D:4      | 3118 ||| STAIRDANCE
  3129 | D:4      | HP: 4/30 [orc warrior/+0 long sword (13)]
  3131 | D:4      | Mangled by an orc warrior

Levels and vault maps discovered:
D:1:      reono_arrival_forest_river, layout_rooms,
          amcnicky_mini_corridor_feature
D:2:      layout_basic, kennysheep_flooded_box
D:3:      layout_loops_cross, mainiacjoe_overflow_six_doors_small,
          amcnicky_altar_gilded, lemuel_doored_altar
D:4:      layout_rooms

Skill      XL: |  1  2  3  4 |
---------------+-------------+-----
Axes           | 3 4 5 |  5.4
Armour         | 2 |  2.1
Fighting       | |  2.0
Throwing       | |  1.0
Dodging        | |  2.1
Spellcasting   | |  2.0
Translocations | |  2.4

Action                   |  1- 3 |  4- 6 || total
-------------------------+-------+-------++-------
Melee: Hand axe          |    93 |    58 ||   151
       Kick              |    22 |    15 ||    37
       Peck              |     8 |    10 ||    18
       Punch             |     1 |       ||     1
Throw: Boomerang         |     7 |    12 ||    19
  Use: Scroll            |     4 |     1 ||     5
       Potion            |       |     2 ||     2
Armor: Leather armour    |    17 |       ||    17
       Chain mail        |    28 |     6 ||    34
       Plate armour      |       |    29 ||    29
Dodge: Dodged            |    49 |    11 ||    60
Block: Other             |       |    12 ||    12

Table legend:
 A = Non-vault XP
 B = Vault XP
 C = Vault XP percentage of total XP
 D = Non-vault monster count
 E = Vault monster count
 F = Vault count percentage of total count
                 A         B        C        D         E       F
            +---------+---------+-------+---------+---------+-------
      Total |     203 |       0 |   0.0 |      62 |       0 |   0.0
            +---------+---------+-------+---------+---------+-------
        D:1 |      38 |       0 |   0.0 |      21 |       0 |   0.0
        D:2 |      59 |       0 |   0.0 |      23 |       0 |   0.0
        D:3 |     101 |       0 |   0.0 |      16 |       0 |   0.0
        D:4 |       5 |       0 |   0.0 |       2 |       0 |   0.0
            +---------+---------+-------+---------+---------+-------
